 Dungeon Crawl Stone Soup version 0.29.1-2-gbd0b4ee654 (webtiles) character file.

Game seed: 2777001543237871805

90 warriortoast the Digger (level 4, 0/25 HPs)
             Began as a Gargoyle Earth Elementalist on Nov 28, 2022.
             Slain by an orc
             ... wielding a +0 short sword
              (1 damage)
             ... on level 2 of the Dungeon.
             The game lasted 00:06:31 (2171 turns).

warriortoast the Digger (GrEE)                      Turns: 2171, Time: 00:06:31

Health: 0/25       AC:  7    Str: 13    XL:     4   Next: 56%
Magic:  1/7        EV: 12    Int: 16    God:
Gold:   47         SH:  0    Dex: 10    Spells: 1/7 levels left

rFire   . . .      SeeInvis .   e - +0 mace
rCold   . . .      Faith    .   (no shield)
rNeg    + . .      Spirit   .   a - +0 robe
rPois   ∞          Reflect  .   (no helmet)
rElec   +          Harm     .   o - scarf {repulsion}
rCorr   .          Rampage  .   j - +0 pair of gloves
Will    .....                   k - +0 pair of boots
Stlth   ++........              (no amulet)
HPRegen 0.08/turn               (no ring)
MPRegen 0.10/turn               (no ring)

@: very slightly contaminated, repel missiles
A: sickness immunity, AC +3, negative energy resistance 1, electricity
resistance, torment resistance 1, petrification resistance
a: no special abilities


You were on level 2 of the Dungeon.
You visited 1 branch of the dungeon, and saw 3 of its levels.

You collected 72 gold pieces.
You spent 25 gold pieces at shops.

Inventory:

Hand Weapons
 e - a +0 mace (weapon)
Missiles
 c - 5 javelins
 f - 7 poisoned darts
Armour
 a - a +0 robe (worn)
 j - a +0 pair of gloves (worn)
 k - a +0 pair of boots (worn)
 o - a scarf of repulsion (worn)
Jewellery
 q - an amulet of guardian spirit
Scrolls
 d - a scroll of fear {unknown}
 g - a scroll of enchant armour {unknown}
 h - 2 scrolls of identify {unknown}
 i - a scroll of amnesia {unknown}
 l - 2 scrolls of immolation {unknown}
 m - a scroll of poison {unknown}
 n - 2 scrolls of magic mapping {unknown}
 p - a scroll of torment {unknown}
 r - a scroll of noise {unknown}
Potions
 b - 2 potions of magic
 s - a potion of ambrosia {unknown}
 t - a potion of might {unknown}


   Skills:
 + Level 1.5 Fighting
 + Level 2.0 Dodging
 + Level 3.0 Stealth
 + Level 2.4 Spellcasting
 + Level 1.5 Transmutations
 + Level 4.2 Earth Magic


You had one spell level left.
You knew the following spells:

 Your Spells              Type           Power      Damage    Failure   Level
a - Sandblast             Erth           30%        2d9       3%          1
b - Passwall              Tmut/Erth      9%         N/A       10%         2
c - Stone Arrow           Conj/Erth      16%        3d8       26%         3

Your spell library contained the following spells:

 Spells                   Type           Power      Damage    Failure   Level
 Slow                     Hex            4%         N/A       21%         1
 Confusing Touch          Hex            1%         N/A       52%         3
 Vampiric Draining        Necr           1%         2d6       52%         3
 Petrify                  Tmut/Erth      11%        N/A       52%         4


Dungeon Overview and Level Annotations

Branches:
Dungeon (3/15)

Altars:

Shops:
D:3 *


Innate Abilities, Weirdness & Mutations

You are immune to sickness and miasma.
Your stone body is resilient. (AC +3)
You are immune to poison.
You resist negative energy. (rN+)
You are resistant to electric shocks. (rElec)
You are resistant to unholy torment.
You are immune to petrification.


Message History

* * * LOW HITPOINT WARNING * * *
You are too injured to fight recklessly!
The orc attacks as you move away! The orc closely misses you.
The orc attacks as you move away! The orc misses you.
The orc attacks as you move away!
The orc hits you with a +1 dagger of venom.
* * * LOW HITPOINT WARNING * * *
You are too injured to fight recklessly!
Okay, then.
Aiming: Sandblast (safe; 3% risk of failure)
Press: ? - help, Q - select action, (/) - cycle Shift-Dir - straight line, f/p - orc
Aim: an orc, wielding a +0 short sword and wearing a +0 chain mail (moderately wounded, 87% to hit)
The blast of sand hits the orc.
The orc is moderately wounded.
The orc hits you with a +1 dagger of venom.
* * * LOW HITPOINT WARNING * * *
Aiming: Sandblast (safe; 3% risk of failure)
Press: ? - help, Q - select action, (/) - cycle Shift-Dir - straight line, f/p - orc
Aim: an orc, wielding a +0 short sword and wearing a +0 chain mail (moderately wounded, 87% to hit)
You miscast Sandblast.
You are very lightly contaminated with residual magic.
Nothing appears to happen.
The orc hits you but does no damage.
Aiming: Sandblast (safe; 3% risk of failure)
Press: ? - help, Q - select action, (/) - cycle Shift-Dir - straight line, f/p - orc
Aim: an orc, wielding a +0 short sword and wearing a +0 chain mail (moderately wounded, 87% to hit)
The blast of sand hits the orc.
You kill the orc!
The orc hits you with a +0 short sword.
* * * LOW HITPOINT WARNING * * *
Aiming: Sandblast (safe; 3% risk of failure)
Press: ? - help, Q - select action, (/) - cycle Shift-Dir - straight line, f/p - orc
Aim: an orc, wielding a +0 short sword and wearing a +0 chain mail (lightly wounded, 87% to hit)
The blast of sand hits the orc.
The orc is severely wounded.
The orc barely misses you.
You barely miss the orc.
The orc is severely wounded.
The orc closely misses you. The orc hits you with a +0 short sword.
You die...

.................................
....#######.###..#.##......♣..∩..
#..># ##.###.#..##>...........
##..# #(.##....#....#.........
.##.# #.###.#.##.##.._..∩.....
..### #.###...#..###..........
...## #.#....##.## #..........
....## ##...#..##.# #....8..8..
.....# #.....<.@o.# #..........
.....# #.....###### ##.........
.....# ##..#..# #♣..∩..♣.. .....#
#.....## #.##.#.#..
.....###...#.# #.........
†....#.......# #.########
.....#..#...########## #.#
.....#..#..## #......# #.#
....##..#..####......# #.#


You could see an orc.

Vanquished Creatures
  2 adders (D:2)
  4 dart slugs
  An orc (D:2)
  6 endoplasms
  3 giant cockroaches (D:1)
  4 goblins
  5 hobgoblins
  6 jackals
  5 kobolds
  3 quokkas (D:1)
  2 ball pythons (D:1)
  10 bats
  2 frilled lizards
  4 rats
57 creatures vanquished.

Notes
Turn   | Place    | Note
-------+----------+-------------------------------------------
     0 | D:1      | warriortoast the Gargoyle Earth Elementalist began the
                  | quest for the Orb.
     0 | D:1      | Reached XP level 1. HP: 10/10 MP: 3/3
   391 | D:1      | Reached XP level 2. HP: 15/16 MP: 3/5
   444 | D:1      | Reached skill level 1 in Transmutations
   761 | D:1      | Reached XP level 3. HP: 19/20 MP: 1/6
   766 | D:1      | Reached skill level 4 in Earth Magic
   878 | D:1      | Reached skill level 1 in Fighting
  1502 | D:2      | Found a faded altar of an unknown god.
  1556 | D:1      | Reached XP level 4. HP: 18/25 MP: 1/7
  1559 | D:1      | Learned a level 2 spell: Passwall
  1563 | D:1      | Learned a level 3 spell: Stone Arrow
  1652 | D:2      | You fall into a shaft and drop 1 floor!
  1661 | D:3      | Found Nawkeb's Assorted Antiques.
  1684 | D:3      | Bought a scroll labelled GOJ OFUEP VOS for 25 gold pieces
  2169 | D:2      | HP: 1/25 [orc/+0 short sword (3)]
  2171 | D:2      | Slain by an orc

Illustrated notes

Levels and vault maps discovered:
D:1:      scummos_arrival_simple_crosswalls, layout_basic
D:2:      kennysheep_big_flooded_room, layout_rooms,
          hellmonk_ecumenical_altar_arch_garden
D:3:      layout_loops_corners, grunt_temple_overflow_gold_and_silver,
          serial_shops, shop, nicolae_shop_statue_plus, shop

Skill      XL: |  1  2  3  4 |
---------------+-------------+-----
Transmutations | 1 |  1.5
Earth Magic    | 4 |  4.2
Fighting       | 1 |  1.5
Dodging        | 2 |  2.0
Stealth        | 3 |  3.0
Spellcasting   | |  2.4

Action                   |  1- 3 |  4- 6 || total
-------------------------+-------+-------++-------
Melee: Mace              |    21 |     2 ||    23
 Cast: Sandblast         |    57 |    24 ||    81
Armor: Robe              |    23 |    11 ||    34
Dodge: Dodged            |    51 |    19 ||    70
       Repelled          |       |     1 ||     1
